cohdb
Replays
Latest Replays
All Replays
Popular Replays
Top Player Replays
Match Explorer
How It Works
Community
CoH3 Stats
Reddit
Sign in to upload your games and track your stats! →
Sign in with Steam
Match 45295523
Unlisted
Match 45295523
Overview
Messages
Build Orders
End
Vickers Machine Gun Team
Royal Engineer Section
Selects Indian Artillery Battlegroup
Construct Section Command Post
Vickers Machine Gun Team
Construct Platoon Command Post
Selects Towed ML 4.2-inch Heavy Mortar
Team Weapon Training
Towed ML 4.2-inch Heavy Mortar
Royal Engineer Section
6-pounder Anti-tank Gun Team
Selects Valour
Selects Gurkha Rifles Section
Gurkha Rifles Section
Royal Engineer Section
Construct Company Command Post
Unlock Towed 17-pounder Anti-tank Guns
Selects Off-map Airburst Barrage
Forward Retreat Point
Vickers Machine Gun Team
Crusader II Medium Tank
Selects BL5.5 Artillery Emplacement
Crusader II Medium Tank
17-pounder Anti-tank Gun Team
Vickers Machine Gun Team
Tonton
皮諾可這個直接電死
起飞!
CHINA津门虎
Jm200092
Tek
Art Attack
Howdy?
0
0
Comments
sign in to comment!
No comments posted yet!